 Dungeon Crawl Stone Soup version 0.27-a0-1149-g4505690ab0 (webtiles) character file.

Game seed: 15570658674683218905

45549 leviel the Severer (level 14, -20/124 HPs)
             Began as a Minotaur Fighter on May 12, 2021.
             Was a High Priest of the Shining One.
             Demolished by an orc knight
             ... wielding a +0 great sword
              (31 damage)
             ... on level 2 of the Orcish Mines.
             The game lasted 00:29:21 (14727 turns).

leviel the Severer (Minotaur Fighter)              Turns: 14727, Time: 00:29:22

Health: -20/124    AC: 23    Str: 25      XL:     14   Next: 1%
Magic:  18/18      EV:  7    Int:  0 (1)  God:    the Shining One [*****.]
Gold:   1175       SH: 19    Dex: 11      Spells: 13/13 levels left

rFire    + . .     SeeInvis .   a - +1 war axe
rCold    . . .     Faith    .   D - +0 tower shield
rNeg     + + .     Spirit   .   p - +5 plate armour {Will+}
rPois    .         Reflect  .   (helmet restricted)
rElec    .         Harm     .   (no cloak)
rCorr    .         Rampage  .   n - +0 pair of gloves
Will     +++..                  G - +0 pair of boots
Stlth    ..........             w - amulet of regeneration
HPRegen  1.30/turn              y - ring of protection from fire
MPRegen  0.16/turn              J - ring of willpower

@: slowed, lost intelligence, glowing, very slow
A: horns 2, retaliatory headbutt, talons 1, dopey 2, wild magic 1
a: Renounce Religion, Divine Shield, Cleansing Flame, Summon Divine Warrior


You were on level 2 of the Orcish Mines.
You worshipped the Shining One.
The Shining One was extremely pleased with you.
You visited 2 branches of the dungeon, and saw 17 of its levels.

You collected 1175 gold pieces.

Inventory:

Hand Weapons
 a - a +1 war axe (weapon)
 i - a +0 scythe
Missiles
 x - 7 curare-tipped darts
 z - 12 javelins (quivered)
 E - a throwing net
Armour
 n - a +0 pair of gloves (worn)
 p - a +5 plate armour of willpower (worn)
 D - a +0 tower shield (worn)
 G - a +0 pair of boots (worn)
Jewellery
 u - an amulet of reflection
 w - an amulet of regeneration (around neck)
 y - a ring of protection from fire (left hand)
 H - a ring of protection from cold
 J - a ring of willpower (right hand)
Wands
 g - a wand of mindburst (9)
 j - a wand of flame (14)
 l - a wand of polymorph (10)
 A - a wand of acid (22)
 F - a wand of charming (6)
 I - a wand of paralysis (8)
 K - a wand of digging (4)
Scrolls
 b - 3 scrolls of fear
 c - 2 scrolls of magic mapping
 k - 8 scrolls of identify {@r1}
 r - 5 scrolls of teleportation
 v - a scroll of blinking {unknown}
 B - a scroll of fog
 C - a scroll of enchant armour
 L - a scroll of summoning
 M - a scroll of amnesia
Potions
 d - a potion of might
 e - 2 potions of ambrosia
 f - 3 potions of flight
 h - 3 potions of invisibility
 m - 3 potions of magic
 o - 5 potions of haste
 q - 2 potions of curing
 s - a potion of resistance
 t - a potion of lignification


   Skills:
 + Level 11.6 Fighting
 * Level 15.3 Axes
 + Level 5.3 Throwing
 + Level 11.6 Armour
 + Level 7.9 Dodging
 - Level 0.1 Stealth
 + Level 11.7 Shields
 + Level 6.9 Invocations
 - Level 6.0 Evocations


You had 13 spell levels left.
You didn't know any spells.
Your spell library contained the following spells:

 Spells                   Type           Power      Damage    Failure   Level
 Animate Skeleton         Necr           0%         N/A       100%        1
 Beastly Appendage        Tmut           0%         N/A       100%        1
 Corona                   Hex            0%         N/A       100%        1
 Foxfire                  Conj/Fire      0%         2x1d4     100%        1
 Freeze                   Ice            0%         1d3       100%        1
 Magic Dart               Conj           0%         1d3       100%        1
 Pain                     Necr           0%         1d4       100%        1
 Shock                    Conj/Air       0%         1d3       100%        1
 Summon Small Mammal      Summ           0%         N/A       100%        1
 Call Imp                 Summ           0%         N/A       100%        2
 Ensorcelled Hibernation  Hex/Ice        0%         N/A       100%        2
 Poisonous Vapours        Pois/Air       0%         N/A       100%        2
 Searing Ray              Conj           0%         3d3       100%        2
 Static Discharge         Conj/Air       0%         N/A       100%        2
 Wereblood                Tmut           0%         N/A       100%        2
 Call Canine Familiar     Summ           0%         N/A       100%        3
 Confusing Touch          Hex            0%         N/A       100%        3
 Dazzling Flash           Conj/Hex       0%         N/A       100%        3
 Frozen Ramparts          Ice            0%         1d2       100%        3
 Gell's Gravitas          Tloc           0%         N/A       100%        3
 Ozocubu's Armour         Ice            0%         N/A       100%        3
 Spider Form              Tmut/Pois      0%         N/A       100%        3
 Stone Arrow              Conj/Erth      0%         3d7       100%        3
 Summon Guardian Golem    Hex/Summ       0%         N/A       100%        3
 Swiftness                Air            0%         N/A       100%        3
 Tukima's Dance           Hex            0%         N/A       100%        3
 Vampiric Draining        Necr           0%         2d6       100%        3
 Airstrike                Air            0%         N/A       100%        4
 Animate Dead             Necr           0%         N/A       100%        4
 Fulminant Prism          Conj/Hex       0%         3d6       100%        4
 Hailstorm                Conj/Ice       0%         3d3       100%        4
 Ice Form                 Ice/Tmut       0%         N/A       100%        4
 Iskenderun's Mystic Bla  Conj/Tloc      0%         2d3       100%        4
 Petrify                  Tmut/Erth      0%         N/A       100%        4
 Summon Ice Beast         Ice/Summ       0%         N/A       100%        4
 Summon Lightning Spire   Summ/Air       0%         N/A       100%        4
 Agony                    Necr           0%         N/A       100%        5
 Borgnjor's Vile Clutch   Necr/Erth      0%         N/A       100%        5
 Excruciating Wounds      Necr           0%         N/A       100%        5
 Hydra Form               Tmut           0%         N/A       100%        5
 Lee's Rapid Deconstruct  Erth           0%         3d5*      100%        5
 Lightning Bolt           Conj/Air       0%         1d11      100%        5
 Metabolic Englaciation   Hex/Ice        0%         N/A       100%        5
 Yara's Violent Unravell  Hex/Tmut       0%         3d3       100%        5


Dungeon Overview and Level Annotations

Branches:
Dungeon (15/15)            Temple (0/1) D:6             Orc (2/2) D:9
    Elf (0/3) Orc:2        Vaults (0/5) D:13         Depths (0/5) D:15
   Lair: D:8-11

Altars:
Elyvilon
Gozag
Hepliaklqana
Kikubaaqudgha
Makhleb
Okawaru
Ru
Trog
Vehumet
Wu Jian
Yredelemnul
The Shining One

Shops:
Orc:1 ?   Orc:2 ?

Annotations:
D:4 3 runed translucent doors, NateTC's ghost, amateur OpCj
D:13 robertstho's ghost, journeyman MiBe


Innate Abilities, Weirdness & Mutations

You have a pair of horns on your head.
You reflexively headbutt those who attack you in melee.
You have sharp toenails.
You are very dopey. (Int -4)
Your spells are a little harder to cast, but a little more powerful.


Message History

You block the orc knight's attack.
You hit the orc knight but do no damage.
You headbutt the orc knight, but do no damage.
The orc knight is heavily wounded.
The orc wizard gestures at itself while chanting.
The orc wizard flickers and vanishes for a moment.
The orc knight hits you with a +0 war axe!
* * * LOW HITPOINT WARNING * * *
The orc knight roars a battlecry!
The orc knight goes into a battle-frenzy!
An orc high priest comes into view. It is wielding a +0 battleaxe.
You block the orc knight's attack.
The orc knight unwields a +0 war axe.
The orc knight wields a +0 arbalest.
The orc knight shoots a bolt.
The bolt hits you!
* * * LOW HITPOINT WARNING * * *
You feel better.
The orc knight unwields a +0 arbalest.
The orc knight wields a +0 war axe.
The orc knight hits you with a +0 war axe!
* * * LOW HITPOINT WARNING * * *
The orc knight roars a battlecry!
The orc knight unwields a +0 war axe.
The orc knight wields a +0 arbalest.
The orc knight shoots a bolt.
You block the bolt.
The orc knight shoots a bolt.
You block the bolt.
The orc knight shoots a bolt.
The bolt barely misses you.
The orc knight no longer looks unusually strong.
The orc knight roars a battlecry!
The orc knight goes into a battle-frenzy!
The orc priest looks braver for a moment.
An orc high priest comes into view. It is wielding a +0 halberd.
The orc knight no longer looks unusually strong.
The orc priest looks encouraged for a moment.
The orc high priest completely misses you.
The orc priest no longer looks unusually strong.
The orc high priest mumbles some strange prayers to Beogh against you.
Beogh smites you!
* * * LOW HITPOINT WARNING * * *
The orc knight roars a battlecry!
The orc priest goes into a battle-frenzy!
The orc knight hits you with a +0 great sword!!
You die...

##...####.#....#.#
####......##
#...## #......####
##...### #####
#.#....#.# #####
#........#######
##......)).#.#.##
. ###..^.........#
. ##......#.#.## .
#####.######
######@######
#......o....###
...####o####.oo##
#.######oo##
#.#...###..#
#.#.....##.# #
#.#.....o#)# ###
... #))o)# #.. ...
##o)## ...


You could see 2 orc knights, an orc high priest and an orc priest (strong).

Vanquished Creatures
  Rupert (D:14)
  Agnes (D:14)
  Louise (D:14)
  4 hydras
  4 boulder beetles
  3 centaur warriors
  5 two-headed ogres
  An orc high priest (Orc:2)
  A deep elf knight (D:13)
  A wizard (D:15)
  2 orc knights
  A deep elf zephyrmancer (D:15)
  6 orc sorcerers
  A necromancer (D:15)
  2 deep elf pyromancers (D:12)
  A wolf spider (D:15)
  6 manticores
  2 cyclopes (D:14)
  A naga mage (D:15)
  2 gargoyles (D:11)
  2 unseen horrors
  2 kobold demonologists
  2 komodo dragons (D:12)
  Maggie (D:6)
  A tengu conjurer (D:13)
  7 trolls
  A polar bear (shapeshifter) (D:13)
  25 slime creatures
  A centaur simulacrum (D:15)
  Sigmund (D:6)
  4 vampires
  3 wraiths
  A basilisk (D:14)
  3 shadows
  2 wyverns
  2 steam dragons
  Grum (D:9)
  2 acid dragons
  2 wargs
  4 water moccasins
  2 ice beasts
  2 black bears
  A sky beast (D:5)
  10 orc warriors
  3 ogres
  A necrophage (D:4)
  4 wolves (D:9)
  3 centaurs
  A phantom (D:4)
  2 gnoll sergeants
  2 bullfrogs
  A wyvern zombie (D:7)
  3 scorpions
  A water moccasin zombie (D:5)
  9 killer bees
  5 howler monkeys
  5 wights (D:9)
  4 electric eels (D:11)
  2 bullfrog zombies
  7 centaur zombies
  3 hounds
  A gnoll shaman (D:8)
  3 centaur skeletons
  9 orc priests
  3 iguanas
  Ijyb (D:5)
  8 orc wizards
  A killer bee zombie (D:8)
  A howler monkey skeleton (D:6)
  A howler monkey zombie (D:9)
  Robin (D:2)
  19 gnolls
  10 adders
  3 white imps
  An ufetubus (D:5)
  A worm (D:5)
  3 dart slugs
  34 orcs
  3 endoplasms
  14 giant cockroaches
  13 hobgoblins
  8 kobolds
  9 ball pythons
  6 bats
  9 frilled lizards
  18 goblins
  4 rats
368 creatures vanquished.

Vanquished Creatures (others)
  A steam dragon (D:8)
  2 orc wizards (Orc:2)
  2 plants (D:6)
5 creatures vanquished.

Grand Total: 373 creatures vanquished

Notes
Turn   | Place    | Note
-------+----------+-------------------------------------------
     0 | D:1      | leviel the Minotaur Fighter began the quest for the Orb.
     0 | D:1      | Reached XP level 1. HP: 19/19 MP: 0/0
   362 | D:1      | Reached XP level 2. HP: 21/27 MP: 1/1
   990 | D:2      | Reached skill level 3 in Axes
   993 | D:2      | Identified the +0 helmet of Zimo {rF+++ rC+ Will+++ Int-5}
   993 | D:2      | Noticed Robin
   995 | D:2      | Reached XP level 3. HP: 27/33 MP: 2/2
  1009 | D:2      | Reached XP level 4. HP: 31/40 MP: 3/3
  1018 | D:2      | Killed Robin
  1019 | D:2      | Reached skill level 1 in Dodging
  1223 | D:2      | Identified Ferog's Reference Book on Dusty Confrontation
  1277 | D:2      | Identified the Almanac of Toxic Sinister Secrets
  1761 | D:3      | Found a basalt altar of Yredelemnul.
  1763 | D:3      | Noticed a profane servitor
  1774 | D:3      | Reached skill level 4 in Axes
  1805 | D:3      | Found a glowing golden altar of the Shining One.
  1812 | D:3      | Reached XP level 5. HP: 44/47 MP: 4/4
  1812 | D:3      | Noticed an angel
  1817 | D:3      | Became a worshipper of the Shining One
  2996 | D:4      | Noticed an ogre
  3003 | D:4      | Killed an ogre
  3004 | D:4      | Reached skill level 5 in Axes
  3004 | D:4      | Reached XP level 6. HP: 23/53 MP: 5/5
  3272 | D:4      | Reached skill level 5 in Armour
  3272 | D:4      | Reached skill level 5 in Shields
  3378 | D:4      | Found a runed translucent gate.
  3378 | D:4      | Found a runed translucent gate.
  3378 | D:4      | Found a runed translucent gate.
  3383 | D:4      | Reached * piety under the Shining One
  3392 | D:4      | Reached skill level 5 in Fighting
  3547 | D:4      | Reached XP level 7. HP: 61/61 MP: 6/6
  3594 | D:4      | Found an ancient bone altar of Kikubaaqudgha.
  3619 | D:4      | Found a bloodstained altar of Trog.
  3646 | D:4      | Noticed NateTC's ghost (amateur OpCj)
  3685 | D:4      | Found a white marble altar of Elyvilon.
  3816 | D:4      | Reached skill level 6 in Axes
  4021 | D:5      | Entered Level 5 of the Dungeon
  4126 | D:5      | Found a sacrificial altar of Ru.
  4134 | D:5      | Noticed Ijyb
  4147 | D:5      | Killed Ijyb
  4180 | D:5      | Reached skill level 7 in Axes
  4235 | D:5      | Reached XP level 8. HP: 69/70 MP: 7/7
  4740 | D:6      | Noticed Sigmund
  4748 | D:6      | Killed Sigmund
  4749 | D:6      | Reached skill level 8 in Axes
  4910 | D:6      | Found a burning altar of Makhleb.
  5036 | D:6      | Noticed Maggie
  5038 | D:6      | Found an ornate altar of the Wu Jian Council.
  5047 | D:6      | Killed Maggie
  5048 | D:6      | Reached skill level 9 in Axes
  5048 | D:6      | Reached XP level 9. HP: 74/79 MP: 8/8
  5172 | D:6      | Found an opulent altar of Gozag.
  5251 | D:6      | Identified the +2 pair of gloves of Love and Death {Harm}
  5316 | D:6      | Found a staircase to the Ecumenical Temple.
  5539 | D:6      | Found an iron altar of Okawaru.
  5822 | D:7      | Found a radiant altar of Vehumet.
  5874 | D:7      | Reached ** piety under the Shining One
  6149 | D:7      | Reached skill level 10 in Axes
  6706 | D:8      | Noticed a two-headed ogre
  6711 | D:8      | Killed a two-headed ogre
  6712 | D:8      | Reached skill level 11 in Axes
  6712 | D:8      | Reached XP level 10. HP: 72/90 MP: 9/9
  7084 | D:9      | Found a staircase to the Orcish Mines.
  7101 | D:9      | Reached skill level 1 in Invocations
  7103 | D:9      | Reached *** piety under the Shining One
  7104 | D:9      | Noticed Grum
  7111 | D:9      | Reached skill level 1 in Evocations
  7118 | D:9      | Killed Grum
  7652 | D:10     | Entered Level 10 of the Dungeon
  8029 | D:11     | Reached skill level 12 in Axes
  8278 | D:11     | Noticed a gargoyle
  8289 | D:11     | Killed a gargoyle
  8290 | D:11     | Reached XP level 11. HP: 77/97 MP: 12/12
  8709 | D:11     | Reached **** piety under the Shining One
  8728 | D:11     | Found a basalt altar of Yredelemnul.
  8785 | D:12     | Noticed a four-headed hydra
  8785 | D:12     | Noticed a deep elf pyromancer
  8998 | D:13     | Noticed robertstho's ghost (journeyman MiBe)
  8998 | D:13     | Noticed a centaur warrior
  8998 | D:13     | Noticed a two-headed ogre
  8998 | D:13     | Noticed a centaur warrior
  8999 | D:13     | Found a transporter.
  8999 | D:13     | Noticed a deep elf knight
  9000 | D:13     | Noticed a purple very ugly thing
  9002 | D:13     | Noticed a seven-headed hydra
  9005 | D:13     | Killed a two-headed ogre
  9029 | D:13     | Found a transporter.
  9164 | D:13     | Noticed a centaur warrior
  9177 | D:13     | Killed a centaur warrior
  9184 | D:13     | Noticed a harpy
  9184 | D:13     | a human changed into a harpy
  9195 | D:13     | Noticed a centaur warrior
  9208 | D:13     | Killed a centaur warrior
  9209 | D:13     | Reached skill level 5 in Dodging
  9382 | D:13     | Noticed a two-headed ogre
  9392 | D:13     | Killed a two-headed ogre
  9393 | D:13     | Reached skill level 10 in Shields
  9436 | D:13     | Reached skill level 13 in Axes
  9762 | D:13     | Reached skill level 10 in Fighting
  9762 | D:13     | Reached skill level 1 in Throwing
  9762 | D:13     | Reached skill level 10 in Armour
  9995 | D:13     | Noticed a seven-headed hydra
 10037 | D:14     | Noticed a boulder beetle
 10083 | D:14     | Killed a boulder beetle
 10166 | D:14     | Noticed a boulder beetle
 10173 | D:14     | Reached XP level 12. HP: 77/106 MP: 14/14
 10179 | D:14     | Killed a boulder beetle
 10357 | D:14     | Noticed a centaur warrior
 10367 | D:14     | Noticed a boulder beetle
 10372 | D:14     | Killed a centaur warrior
 10426 | D:14     | Killed a boulder beetle
 10614 | D:14     | Noticed Louise
 10623 | D:14     | Noticed Agnes
 10645 | D:14     | Killed Louise
 10646 | D:14     | Reached skill level 5 in Invocations
 10657 | D:14     | Killed Agnes
 10785 | D:14     | Reached skill level 14 in Axes
 10787 | D:14     | Reached skill level 5 in Evocations
 11012 | D:14     | Noticed an eight-headed hydra
 11020 | D:14     | Killed an 11-headed hydra
 11239 | D:14     | Noticed Rupert
 11252 | D:14     | HP: 4/108 [Rupert/+5 vorpal great sword (10)]
 11300 | D:14     | Killed Rupert
 11553 | D:15     | Entered Level 15 of the Dungeon
 11642 | D:15     | Reached XP level 13. HP: 115/115 MP: 16/16
 11653 | D:15     | Found a hazy altar of Hepliaklqana.
 12183 | D:15     | Found a staircase to the Depths.
 12401 | D:13     | Reached ***** piety under the Shining One
 12500 | D:13     | Found a gate to the Vaults.
 12708 | D:12     | Gained mutation: You are dopey. (Int -2) [potion of
                  | mutation]
 12708 | D:12     | Gained mutation: Your spells are a little harder to cast,
                  | but a little more powerful. [potion of mutation]
 12708 | D:12     | Gained mutation: You are very dopey. (Int -4) [potion of
                  | mutation]
 12708 | D:12     | Gained mutation: You have sharp toenails. [potion of
                  | mutation]
 12708 | D:12     | HP: 4/116 [11-headed hydra (10)]
 13154 | D:12     | Reached skill level 15 in Axes
 13309 | D:12     | Found a white marble altar of Elyvilon.
 14028 | Orc:1    | Entered Level 1 of the Orcish Mines
 14062 | Orc:1    | Found Xuliveo's Magic Scroll Boutique.
 14136 | Orc:2    | Entered Level 2 of the Orcish Mines
 14281 | Orc:2    | Reached skill level 5 in Throwing
 14435 | Orc:2    | Found a staircase to the Elven Halls.
 14654 | Orc:2    | Found Ymneog's Magic Scroll Emporium.
 14704 | Orc:2    | Lost intelligence.
 14708 | Orc:2    | Reached XP level 14. HP: 32/124 MP: 18/18
 14727 | Orc:2    | Demolished by an orc knight

Illustrated notes

Levels and vault maps discovered:
D:1:      dpeg_arrival_water_temple_mockup, layout_basic,
          chequers_serial_rivers_micro_d
D:2:      layout_loops_ring, minmay_fractal_squares_5, uniq_robin
D:3:      minmay_roachtagon, layout_loops_corners,
          grunt_temple_overflow_holy_war, portal_sewer_entry_d
D:4:      layout_basic, nicolae_overflow_hidden_temple, lemuel_doored_altar,
          nicolae_kikubaaqudgha_miasma_corner, ebering_ghost_rock_garden,
          minmay_checkerbox
D:5:      layout_rooms, nicolae_ru_awakened_eye, minivault_4,
          minmay_statues_item, kennysheep_generic_room_11, uniq_ijyb
D:6:      layout_cave_pools, nicolae_wu_jian_wuxing_cycle,
          kennysheep_okawaru_gauntlet,
          nicolae_gozag_cash_rules_everything_around_me,
          makhleb_heckhound_becter, minmay_temple_entry_glassed_door,
          glass_columns_a, minmay_lizard_king, uniq_sigmund, uniq_maggie
D:7:      layout_gridville, lemuel_round_altar, amcnicky_mini_corridor_feature
D:8:      layout_loops_ring, serial_bayou_pond_e
D:9:      layout_irregular_city, david_orc_3, uniq_grum
D:10:     layout_basic, erik_lair_dragon
D:11:     layout_basic, lemuel_zombie_altar_yredelemnul
D:12:     layout_loops_corners, elyvilon_altar_1
D:13:     wad_pebble_path, layout_long_grid, david_vaults_5,
          gammafunk_ghost_arena
D:14:     layout_cave_pools, skrybe_limestone_x, lemuel_old_faithful,
          uniq_rupert, uniq_agnes, uniq_louise
D:15:     grunt_enter_depths_magical_seal, layout_irregular_city,
          nzn_hepliaklqana_mist_gate
Orc:1:    layout_diamond_mine, serial_shops, shop, minmay_orc_keep
Orc:2:    st_orc_elflike, layout_diamond_mine

Skill      XL: |  1  2  3  4  5  6  7  8  9 10 11 12 13 |
---------------+----------------------------------------+-----
Armour         | 4 5 6 7 8 9 10 11 | 11.6
Axes           | 3 4 5 7 9 11 12 13 14 15 | 15.3
Shields        | 4 5 6 7 8 9 10 11 | 11.7
Fighting       | 4 5 7 8 9 10 11 | 11.6
Dodging        | 1 2 4 5 6 7 |  7.9
Invocations    | 2 4 5 6 |  6.9
Evocations     | 2 4 5 6 |  6.0
Throwing       | 1 3 5 |  5.3
Stealth        | |  0.1

Action                   |  1- 3 |  4- 6 |  7- 9 | 10-12 | 13-15 || total
-------------------------+-------+-------+-------+-------+-------++-------
Melee: War axe           |    38 |   147 |   215 |   512 |   367 ||  1279
       Headbutt          |     6 |    17 |    48 |   118 |   101 ||   290
       Scythe            |       |       |     2 |       |       ||     2
Throw: Javelin           |       |       |       |       |     1 ||     1
Invok: Cleansing Flame   |       |       |       |     2 |       ||     2
       Divine Shield     |       |       |       |     1 |       ||     1
       Summon Divine War |       |       |       |       |     1 ||     1
Evoke: Wand              |       |       |       |     4 |    30 ||    34
  Use: Potion            |       |       |     1 |     7 |     5 ||    13
       Scroll            |       |       |    16 |     8 |     2 ||    26
Armor: Scale mail        |    13 |    52 |       |       |       ||    65
       Plate armour      |       |    18 |   128 |   331 |   261 ||   738
Dodge: Dodged            |    17 |    37 |    50 |   146 |   110 ||   360
Block: Kite shield       |    34 |    79 |   109 |   318 |       ||   540
       Tower shield      |       |       |       |    56 |   429 ||   485

Table legend: (Time is in decaauts)
 A = Elapsed time spent in this place.
 B = Non-inter-level travel time spent in this place.
 C = Inter-level travel time spent in this place.
 D = Time resting spent in this place.
 E = Time spent auto-exploring this place.
 F = Levels seen in this place.
 G = Mean time per level.
                   A        B        C        D        E       F      G
               +--------+--------+--------+--------+--------+-----+--------+
         Total |  14878 |  14160 |    718 |   1742 |   9674 |  17 |  875.2 |
       Dungeon |  14168 |  13470 |    698 |   1720 |   9279 |  15 |  944.5 |
  Orcish Mines |    710 |    691 |     19 |     22 |    395 |   2 |  355.0 |
               +--------+--------+--------+--------+--------+-----+--------+

Top non-repeatable levels by time:
    D:13: 1590 daAuts
    D:14: 1529 daAuts
     D:3: 1302 daAuts
    D:12: 1255 daAuts
     D:4: 1083 daAuts
     D:6: 933 daAuts
    D:11: 919 daAuts
     D:1: 893 daAuts
     D:2: 842 daAuts
     D:9: 802 daAuts
    D:15: 747 daAuts
     D:8: 683 daAuts
     D:5: 663 daAuts
     D:7: 625 daAuts
   Orc:2: 602 daAuts
